 Dungeon Crawl Stone Soup version 0.31-a0-1626-g5cb510d322 (webtiles) character file.

Game seed: 11163661556211615174

141 Malachi the Trooper (level 5, -2/42 HPs)
             Began as a Demonspawn Berserker on Jan 12, 2024.
             Was a Believer of Trog.
             Killed by divine providence
             ... invoked by an orc priest
              (14 damage)
             ... on level 3 of the Dungeon.
             The game lasted 00:02:25 (2158 turns).

Malachi the Trooper (Demonspawn Berserker)          Turns: 2158, Time: 00:02:25

Health: -2/42      AC:  6    Str: 19    XL:     5   Next: 3%
Magic:  5/5        EV: 12    Int:  7    God:    Trog [**....]
Gold:   133        SH:  0    Dex: 13    Spells: 4/4 levels left

rFire   . . .        a - +0 hand axe
rCold   . . .        (no shield)
rNeg    . . .        p - +0 leather armour
rPois   .            o - +0 helmet
rElec   .            (no cloak)
rCorr   .            (no gloves)
SInv    .            d - +1 pair of boots
Will    .....        (no amulet)
Stlth   +            (no ring)
HPRegen 0.27/turn    (no ring)
MPRegen 0.09/turn

%: no passive effects
@: on berserk cooldown, hasted and slowed
A: ignite blood 1, demonic touch 2
a: Renounce Religion, Berserk, Trog's Hand


You were on level 3 of the Dungeon.
You worshipped Trog.
Trog was pleased with you.
You visited 1 branch of the dungeon, and saw 3 of its levels.

You collected 133 gold pieces.

Inventory:

Hand Weapons
 a - a +0 hand axe (weapon)
Missiles
 f - 4 boomerangs (quivered)
Armour
 d - a +1 pair of boots (worn)
 o - a +0 helmet (worn)
 p - a +0 leather armour (worn)
Scrolls
 c - 2 scrolls of identify {unknown}
 e - a scroll of fog {unknown}
 g - 4 scrolls of noise {unknown}
 h - a scroll of blinking {unknown}
 i - a scroll of enchant weapon {unknown}
 k - a scroll of enchant armour {unknown}
 l - a scroll of teleportation {unknown}
 m - a scroll of revelation {unknown}


   Skills:
 + Level 3.8 Fighting
 + Level 3.4 Axes
 + Level 2.7 Armour
 + Level 2.8 Dodging


You had 4 spell levels left.
You didn't know any spells.
Your spell library was empty.

Dungeon Overview and Level Annotations

Branches:
Dungeon (3/15)

Altars:
Gozag

Shops:
D:1 [


Innate Abilities, Weirdness & Mutations

Your demonic aura sometimes causes spilled blood to erupt in flames.
Your touch may inflict irresistible damage on your foes.


Message History

Pain shoots through your body!
* * * LOW HITPOINT WARNING * * *
The orc misses you. The orc priest closely misses you.
Things that are here:
a +0 flail; a +0 ring mail You slash the orc priest!
The orc priest is heavily wounded.
You barely miss the orc. You slash the orc priest! You punch the orc priest.
You kill the orc priest!
Trog accepts your kill.
You hit the orc. The orc hits you with a +0 trident.
* * * LOW HITPOINT WARNING * * *
You have reached level 5!
You slash the orc!
You touch the orc.
You kill the orc!
Trog accepts your kill.
You slash the orc!
You kill the orc!
Trog accepts your kill.
You feel a strong urge to attack something.
Things that are here:
a +0 flail; a +0 ring mail You are no longer berserk.
You are exhausted.
You feel yourself slow down. The orc priest barely misses you.
Items here: )) [[ ††.
You closely miss the orc priest. Your touch misses the orc priest.
The orc priest barely misses you.
The orc priest hits you with a +0 flail!
* * * LOW HITPOINT WARNING * * *
You closely miss the orc priest. The orc priest closely misses you.
Unknown command.
It was a potion of haste.
You feel yourself speed up. The orc priest closely misses you.
The orc priest casts a cantrip, but nothing happens.
It was a potion of curing.
You feel better.
The orc priest mumbles some strange prayers to Beogh against you.
Beogh smites you!
You die...

...>.# .# #.# #....#..#
#.#....... #.......
#.#.......
....###.#######.#.......
.......[.....##.#.......
....########..#.#.......
..............#.#.......
...#...######.#)#.......
.#.#.#....††..#)@.......
.#.#.##.##†#..'..o......
##.#.####††#############
#.#.# #.....# #.#.#
#.....##### #.#.#
##....#...#
##.#.####.(.##...#
)....#(.(####....#
##.#.#((##.......#


You could see an orc priest.

Vanquished Creatures
  2 orc priests (D:3)
  3 adders (D:2)
  A dart slug (D:2)
  3 orcs (D:3)
  An endoplasm (D:1)
  2 giant cockroaches
  7 goblins
  3 hobgoblins (D:2)
  5 quokkas
  3 ball pythons
  A bat (D:2)
  2 frilled lizards
  3 kobolds
  20 rats
56 creatures vanquished.

Notes
Turn   | Place    | Note
-------+----------+-------------------------------------------
     0 | D:1      | Malachi the Demonspawn Berserker began the quest for the
                  | Orb.
     0 | D:1      | Reached XP level 1. HP: 18/18 MP: 1/1
   364 | D:1      | Found a faded altar of an unknown god.
   435 | D:1      | Found Meaxyn's Armour Emporium.
   494 | D:1      | Gained mutation: Your touch may inflict minor irresistible
                  | damage on your foes. [demonic ancestry]
   494 | D:1      | Reached XP level 2. HP: 17/24 MP: 2/2
  1194 | D:2      | Gained mutation: Your touch may inflict irresistible damage
                  | on your foes. [demonic ancestry]
  1194 | D:2      | Reached XP level 3. HP: 29/29 MP: 3/3
  1701 | D:3      | Reached ** piety under Trog
  1773 | D:3      | Found an opulent altar of Gozag.
  2092 | D:3      | Gained mutation: Your demonic aura sometimes causes spilled
                  | blood to erupt in flames. [demonic ancestry]
  2092 | D:3      | Reached XP level 4. HP: 35/35 MP: 4/4
  2151 | D:3      | Reached XP level 5. HP: 15/42 MP: 5/5
  2155 | D:3      | HP: 2/42 [orc priest/+0 flail (9)]
  2158 | D:3      | Killed from afar by an orc priest

Illustrated notes

Levels and vault maps discovered:
D:1:      dpeg_arrival_erosion, layout_loops_cross,
          chequers_ecumenical_altar_simple, serial_shops,
          nicolae_shop_window_shopping, nicolae_twisty_statue_hallways
D:2:      layout_loops_corners, grunt_ministairs_13
D:3:      cheibrodos_pilgrimage, layout_basic, nicolae_gozag_seed_capital,
          st_stairs_5, minmay_rat_hole

Skill      XL: |  1  2 |
---------------+-------+-----
Dodging        | 2 |  2.8
Armour         | 2 |  2.7
Axes           | 3 |  3.4
Fighting       | |  3.8

Action                     |  1- 3 |  4- 6 || total
---------------------------+-------+-------++-------
  Melee: Hand axe          |   105 |    26 ||   131
         Punch             |     2 |     1 ||     3
         Touch             |     9 |     2 ||    11
 Invoke: Berserk           |       |     1 ||     1
    Use: Potion            |       |     2 ||     2
   Stab: Sleeping          |     2 |       ||     2
 Armour: Animal skin       |    50 |       ||    50
         Leather armour    |     2 |    15 ||    17
  Dodge: Dodged            |    62 |    20 ||    82

Table legend: (Time is in decaauts)
 A = Elapsed time spent in this place.
 B = Non-inter-level travel time spent in this place.
 C = Inter-level travel time spent in this place.
 D = Time resting spent in this place.
 E = Time spent auto-exploring this place.
 F = Levels seen in this place.
 G = Mean time per level.
                   A        B        C        D        E       F      G
               +--------+--------+--------+--------+--------+-----+--------+
         Total |   2178 |   1915 |    263 |      0 |   1537 |   3 |  726.0 |
       Dungeon |   2178 |   1915 |    263 |      0 |   1537 |   3 |  726.0 |
               +--------+--------+--------+--------+--------+-----+--------+

Top non-repeatable levels by time:
     D:2: 974 daAuts
     D:1: 753 daAuts
     D:3: 451 daAuts
